 Dungeon Crawl Stone Soup version 0.29.1-15-g9cfb28693d (webtiles) character file.

Game seed: 15244687536955022262

42 Atelerd the Digger (level 3, -4/21 HPs)
             Began as an Octopode Earth Elementalist on May 1, 2023.
             Slain by a hobgoblin (7 damage)
             ... led by Robin
             ... on level 3 of the Dungeon.
             The game lasted 00:01:56 (1808 turns).

Atelerd the Digger (Octopode Earth Elementalist)    Turns: 1808, Time: 00:01:57

Health: -4/21      AC:  1    Str:  7    XL:     3   Next: 54%
Magic:  6/6        EV: 13    Int: 19    God:
Gold:   113        SH:  0    Dex: 12    Spells: 6/7 levels left

rFire   . . .      SeeInvis .   e - +0 dagger
rCold   . . .      Faith    .   (no shield)
rNeg    . . .      Spirit   .   (helmet restricted)
rPois   .          Reflect  .   (no amulet)
rElec   .          Harm     .   g - ring of resist corrosion
rCorr   +          Rampage  .   (no ring)
Will    .....                   (no ring)
Stlth   +++.......              (no ring)
HPRegen 0.07/turn               (no ring)
MPRegen 0.10/turn               (no ring)
                                (no ring)
                                (no ring)

@: no status effects
A: almost no armour, amphibious, 8 rings, camouflage 1, gelatinous body 1,
(nimble swimmer 1), tentacles
a: no special abilities


You were on level 3 of the Dungeon.
You visited 1 branch of the dungeon, and saw 3 of its levels.

You collected 113 gold pieces.

Inventory:

Hand Weapons
 e - a +0 dagger (weapon)
Jewellery
 g - a ring of resist corrosion (left tentacle)
Scrolls
 b - 2 scrolls of butterflies {unknown}
 f - 2 scrolls of immolation {unknown}
 h - a scroll of enchant weapon {unknown}
 i - a scroll of fear {unknown}
 k - a scroll of amnesia {unknown}
 m - a scroll of teleportation {unknown}
 n - a scroll of magic mapping {unknown}
 o - a scroll of identify {unknown}
 s - a scroll of blinking {unknown}
Potions
 a - a potion of magic
 c - 2 potions of haste {unknown}
 d - a potion of attraction {unknown}
 j - 2 potions of curing {unknown}
 l - a potion of flight {unknown}
 p - a potion of lignification {unknown}
 q - a potion of might {unknown}
 r - a potion of experience {unknown}


   Skills:
 - Level 2.0 Dodging
 + Level 2.8 Stealth
 + Level 2.5 Spellcasting
 * Level 2.0 Transmutations
 * Level 3.5 Earth Magic


You had 6 spell levels left.
You knew the following spells:

 Your Spells              Type           Power      Damage    Failure   Level
a - Sandblast             Erth           30%        2d9       3%          1

Your spell library contained the following spells:

 Spells                   Type           Power      Damage    Failure   Level
 Passwall                 Tmut/Erth      10%        N/A       8%          2
 Stone Arrow              Conj/Erth      18%        3d8       24%         3
 Tukima's Dance           Hex            2%         N/A       43%         3
 Petrify                  Tmut/Erth      13%        N/A       45%         4
 Ice Form                 Ice/Tmut       6%         N/A       71%         4
 Hailstorm                Conj/Ice       2%         3d3       85%         4
 Passage of Golubria      Tloc           2%         N/A       85%         4
 Yara's Violent Unravell  Hex/Tmut       3%         3d4       96%         5
 Simulacrum               Ice/Necr       1%         N/A       100%        6


Dungeon Overview and Level Annotations

Branches:
Dungeon (3/15)

Altars:

Annotations:
D:3 Grinder, Robin, Sigmund


Innate Abilities, Weirdness & Mutations

You cannot wear most types of armour.
You are amphibious.
You can wear up to eight rings at the same time.
Your skin changes colour to match your surroundings (Stealth+).
Your rubbery body absorbs attacks. (AC +1, EV +1)
((You are camouflaged when in or above water. (Stealth+)))
You have tentacles for arms and can constrict up to eight enemies at once.


Message History

The goblin closely misses you.
The hobgoblin shouts!
You hit the goblin. You squeeze the goblin.
You kill the goblin!
The goblin closely misses you.
You closely miss the goblin. You grab the goblin. You squeeze the goblin.
You kill the goblin!
You hit the goblin. You grab the goblin.
The goblin is moderately wounded.
You constrict the goblin.
Grinder comes into view.
The goblin closely misses you.
You hit the goblin.
You kill the goblin!
Robin throws the goblin at you! The goblin barely misses you. x2
You hit the goblin. Your grab misses the goblin. You squeeze the goblin.
You kill the goblin!
The goblin barely misses you. The goblin hits you with a +0 dagger.
Robin roars a battlecry!
The goblins go into a battle-frenzy!
You hit the goblin. You grab the goblin. You squeeze the goblin.
You kill the goblin!
The goblin hits you with a +0 dagger.
Grinder blinks!
You barely miss the hobgoblin. You grab the hobgoblin.
You constrict the hobgoblin, but do no damage.
The goblin closely misses you. The hobgoblin hits you.
You hit the hobgoblin but do no damage.
You squeeze the hobgoblin, but do no damage.
You constrict the hobgoblin. The hobgoblin hits you.
* * * LOW HITPOINT WARNING * * *
You hit the hobgoblin but do no damage.
The hobgoblin is lightly wounded.
You constrict the hobgoblin. The goblin barely misses you.
The hobgoblin barely misses you. x2
You hit the hobgoblin.
You kill the hobgoblin!
The goblin barely misses you.
Robin says, "My goblins will feast on your bones."
The hobgoblin hits you!
You die...

....##.#..##.......
#...<#... ........
###.....# #..>##
.......<### #..#
##........# ##.# ..
..........## ##.##
...g###........#####...#
#......#..##.........#
g...###†gg@g....####...#
g ##.)g####.# #####
#.....g..##.#
#........##.#
#........##..
........#####.
.........# .. ..........
..


You could see Robin, a hobgoblin (strong) and 4 goblins.

Vanquished Creatures
  An adder (D:3)
  A dart slug (D:1)
  3 ball pythons
  2 endoplasms (D:1)
  2 giant cockroaches (D:2)
  9 goblins
  3 hobgoblins
  2 bats
  3 frilled lizards
  3 rats
29 creatures vanquished.

Notes
Turn   | Place    | Note
-------+----------+-------------------------------------------
     0 | D:1      | Atelerd the Octopode Earth Elementalist began the quest for
                  | the Orb.
     0 | D:1      | Reached XP level 1. HP: 11/11 MP: 3/3
   249 | D:1      | Reached XP level 2. HP: 16/17 MP: 1/5
   300 | D:1      | Found a faded altar of an unknown god.
  1295 | D:2      | Reached XP level 3. HP: 21/21 MP: 4/6
  1771 | D:3      | Noticed Sigmund
  1792 | D:3      | Noticed Robin
  1801 | D:3      | Noticed Grinder
  1808 | D:3      | Slain by a hobgoblin

Illustrated notes

Levels and vault maps discovered:
D:1:      dpeg_arrival_tiny_a, layout_loops_ring, basic_ecumenical_altar
D:2:      layout_loops_corners, minmay_curled_crystal, minivault_5,
          grunt_ministairs_13, eino_tiny_chamber, grunt_decor_one_mirror
D:3:      layout_rooms, overflow_temple_1_default, uniq_sigmund, uniq_grinder,
          uniq_robin

Skill      XL: |  1  2  3 |
---------------+----------+-----
Transmutations | 2 |  2.0
Dodging        | |  2.0
Stealth        | |  2.8
Spellcasting   | |  2.5
Earth Magic    | |  3.5

Action                   || total
-------------------------++-------
Melee: Dagger            ||    18
       Punch             ||     1
       Constrict         ||     8
       Tentacles         ||     7
 Cast: Sandblast         ||    25
Dodge: Dodged            ||    19
